 Dungeon Crawl Stone Soup version 0.26-b1-52-g61e05abef2 (webtiles) character file.

Game seed: 7362684017127726282

297 raceaflais the Poker (level 6, -18/46 HPs)
             Began as a Demonspawn Gladiator on Jan 7, 2021.
             Killed from afar by Pikel (23 damage)
             ... with a bolt of acid
             ... on level 4 of the Dungeon.
             The game lasted 00:03:41 (2457 turns).

raceaflais the Poker (Demonspawn Gladiator)         Turns: 2457, Time: 00:03:41

Health: -18/46     AC:  4    Str: 16    XL:     6   Next: 12%
Magic:  6/6        EV:  5    Int:  9    God:
Gold:   174        SH: 13    Dex: 15    Spells: 5/5 levels left

rFire    . . .     SeeInvis .   u - +0 war axe
rCold    . . .     Faith    .   b - +2 tower shield
rNeg     . . .     Spirit   .   m - +0 chain mail
rPois    .         Reflect  .   (helmet restricted)
rElec    .         Harm     .   (no cloak)
rCorr    .         Rampage  .   (no gloves)
Will     .....                  (no boots)
Stlth    ..........             (no amulet)
HPRegen  0.15/turn              (no ring)
MPRegen  0.10/turn              (no ring)

@: corroded
A: horns 2, repulsion field 1
a: no special abilities


You were on level 4 of the Dungeon.
You visited 1 branch of the dungeon, and saw 4 of its levels.

You collected 174 gold pieces.

Inventory:

Hand Weapons
 a - a +0 trident
 q - a +2 whip of freezing
 u - a +0 war axe (weapon)
Missiles
 d - 3 throwing nets (quivered)
Armour
 b - a +2 tower shield (worn)
 c - a +0 helmet
 m - a +0 chain mail (worn)
Wands
 w - a wand of digging (6)
Scrolls
 f - a scroll of random uselessness {unknown}
 i - a scroll of remove curse {unknown}
 j - a scroll of teleportation {unknown}
 k - a scroll of noise {unknown}
 n - a scroll of fog {unknown}
 r - a scroll of fear {unknown}
 s - a scroll of identify
 v - a scroll of magic mapping {unknown}
Potions
 g - a potion of ambrosia {unknown}
 h - a potion of berserk rage {unknown}
 l - a potion of attraction {unknown}
 o - 2 potions of curing {unknown}
 p - 2 potions of brilliance {unknown}
 t - a potion of lignification {unknown}


   Skills:
 + Level 2.9 Fighting
 + Level 0.8 Maces & Flails
 + Level 4.7 Polearms
 + Level 1.7 Throwing
 + Level 1.8 Armour
 + Level 3.3 Dodging
 + Level 0.8 Stealth
 + Level 0.8 Shields


You had 5 spell levels left.
You didn't know any spells.
Your spell library was empty.

Dungeon Overview and Level Annotations

Branches:
Dungeon (4/15)
 Temple: D:4-7

Altars:
Trog
Vehumet

Annotations:
D:4 Pikel


Innate Abilities, Weirdness & Mutations

You have a pair of horns on your head.
You are surrounded by a mild repulsion field. (EV +2)


Message History

The lemure is almost dead.
You block the lemure's attack.
A lemure comes into view.
The lemure hits you but does no damage.
There are monsters nearby!
You closely miss the lemure. Your headbutt misses the lemure.
The lemure is almost dead.
The lemure hits you but does no damage.
There are monsters nearby!
You slash the lemure!
You kill the lemure!
That felt strangely unrewarding.
Pikel zaps a wand.
The bolt of acid hits you!
You are splashed with acid!
There are monsters nearby!
You feel much better.
Pikel zaps a wand.
The bolt of acid hits you!! The acid corrodes you!
You are splashed with acid!
* * * LOW HITPOINT WARNING * * *
Pikel zaps a wand.
The bolt of acid hits you!!
Ouch! That really hurt!
You die...

.....#...#################.
.... #...# #. .....#...###
. ## ...........# .. #
.....#...#.####... #
.................. #
##.##.###......... .....
#.........
#.#######@###..[. ### #
..?/........... ...
......5K###.... ##
###.###5# .. # #.# #5# #.#
# #.# # #.# #


You could see Pikel and 3 lemures.

Vanquished Creatures
  A lemure (D:4)
  A bullfrog (D:2)
  An orc priest (D:3)
  An orc wizard (D:2)
  Jessica (D:3)
  A hound skeleton (D:4)
  7 adders
  An ooze (D:2)
  2 dart slugs
  A leopard gecko (D:1)
  7 orcs
  4 giant cockroaches
  2 goblins
  9 hobgoblins
  A jackal (D:2)
  2 quokkas
  7 bats
  5 frilled lizards
  3 kobolds
  4 rats
61 creatures vanquished.

Notes
Turn   | Place    | Note
-------+----------+-------------------------------------------
     0 | D:1      | raceaflais the Demonspawn Gladiator began the quest for the
                  | Orb.
     0 | D:1      | Reached XP level 1. HP: 16/16 MP: 1/1
   140 | D:1      | Reached skill level 3 in Polearms
   269 | D:1      | Gained mutation: You are surrounded by a mild repulsion
                  | field. (EV +2) [demonic ancestry]
   269 | D:1      | Reached XP level 2. HP: 22/22 MP: 2/2
   774 | D:2      | Reached XP level 3. HP: 18/27 MP: 3/3
   904 | D:2      | Gained mutation: You have a pair of small horns on your
                  | head. [demonic ancestry]
   904 | D:2      | Reached XP level 4. HP: 30/34 MP: 4/4
  1356 | D:2      | Reached skill level 4 in Polearms
  1387 | D:2      | Noticed a bullfrog
  1394 | D:2      | Killed a bullfrog
  1395 | D:2      | Reached skill level 1 in Armour
  1395 | D:2      | Reached XP level 5. HP: 40/40 MP: 5/5
  1878 | D:3      | Noticed Jessica
  1890 | D:3      | Killed Jessica
  2092 | D:3      | Gained mutation: You have a pair of horns on your head.
                  | [demonic ancestry]
  2092 | D:3      | Reached XP level 6. HP: 46/46 MP: 6/6
  2110 | D:3      | Found a radiant altar of Vehumet.
  2120 | D:3      | Found a bloodstained altar of Trog.
  2448 | D:4      | Noticed Pikel
  2457 | D:4      | Killed from afar by Pikel

Illustrated notes

Levels and vault maps discovered:
D:1:      onia_arrival_mini_spirals, layout_loops_cross
D:2:      layout_loops_cross, fountainhead, minmay_box_of_dots
D:3:      layout_basic, amethyst_overflow_temple_binary, uniq_jessica
D:4:      cheibrodos_thug_alley, layout_basic, uniq_pikel

Skill      XL: |  1  2  3  4 |
---------------+-------------+-----
Polearms       | 3 4 |  4.7
Dodging        | 3 |  3.3
Armour         | 1 |  1.8
Fighting       | |  2.9
Maces & Flails | |  0.8
Throwing       | |  1.7
Stealth        | |  0.8
Shields        | |  0.8

Action                   |  1- 3 |  4- 6 || total
-------------------------+-------+-------++-------
Melee: Trident           |    91 |    47 ||   138
       Headbutt          |       |    23 ||    23
       Whip              |       |    45 ||    45
       War axe           |       |    44 ||    44
  Use: Scroll            |       |     2 ||     2
       Potion            |       |     2 ||     2
 Stab: Sleeping          |     1 |       ||     1
Armor: Leather armour    |    11 |       ||    11
       Chain mail        |    20 |    68 ||    88
Dodge: Dodged            |    45 |    28 ||    73
Block: Tower shield      |       |    61 ||    61
